 Dungeon Crawl Stone Soup version 0.31-a0-1388-g4b2ba238e7 (webtiles) character file.

Game seed: 11072988578905088759

2 croobank the Firebug (level 1, 0/14 HPs)
             Began as a Demigod Fire Elementalist on Dec 24, 2023.
             Slain by a jackal (1 damage)
             ... on level 1 of the Dungeon.
             The game lasted 00:00:45 (82 turns).

croobank the Firebug (Demigod Fire Elementalist)      Turns: 82, Time: 00:00:46

Health: 0/14       AC:  2    Str:  9    XL:     1   Next: 26%
Magic:  5/5        EV: 12    Int: 17    God:
Gold:   0          SH:  0    Dex: 14    Spells: 2/3 levels left

rFire   . . .        (no weapon)
rCold   . . .        (no shield)
rNeg    . . .        a - +0 robe
rPois   .            (no helmet)
rElec   .            (no cloak)
rCorr   .            (no gloves)
SInv    +            (no boots)
Will    .....        (no amulet)
Stlth   ++           (no ring)
HPRegen 0.22/turn    (no ring)
MPRegen 0.09/turn

%: no passive effects
@: no status effects
A: high MP 1, forlorn, divine attributes
a: no special abilities


You were on level 1 of the Dungeon.
You visited 1 branch of the dungeon, and saw 1 of its levels.

Inventory:

Armour
 a - a +0 robe (worn)
Scrolls
 d - a scroll of amnesia {unknown}


   Skills:
 + Level 1.8 Dodging
 + Level 1.8 Stealth
 + Level 1.8 Spellcasting
 + Level 1.0 Conjurations
 + Level 2.7 Fire Magic


You had 2 spell levels left.
You knew the following spells:

 Your Spells              Type           Power      Damage    Failure   Level
a - Foxfire               Conj/Fire      28%        2x1d5     10%         1

Your spell library contained the following spells:

 Spells                   Type           Power      Damage    Failure   Level
 Scorch                   Fire           20%        2d5       10%         2
 Inner Flame              Hex/Fire       6%         N/A       34%         3
 Volatile Blastmotes      Fire/Tloc      12%        2d11      34%         3
 Flame Wave               Conj/Fire      7%         2d5       67%         4


Dungeon Overview and Level Annotations

Branches:
Dungeon (1/15)


Innate Abilities, Weirdness & Mutations

You have an increased reservoir of magic. (+10% MP)
You shall have no god before yourself.
Your divine heritage dramatically boosts your attributes as you level up.


Message History

The foxfire hits the jackal.
The jackal is severely wounded.
The jackal barely misses you.
The jackal bites you but does no damage.
Casting: Foxfire (safe; 10% risk of failure)
Confirm with . or Enter, or press ? or * to list all spells.
You conjure some foxfire!
The jackal barely misses you. The jackal bites you.
You closely miss the jackal.
The jackal is severely wounded.
The foxfire hits the jackal.
The jackal is almost dead.
The foxfire hits the jackal.
You kill the jackal!
The jackal bites you. The jackal closely misses you.
The jackal barely misses you. The jackal bites you.
Your Conjurations skill increases to level 1!
Casting: Foxfire (safe; 10% risk of failure)
Confirm with . or Enter, or press ? or * to list all spells.
You conjure some foxfire!
The jackal barely misses you. The jackal bites you.
* * * LOW HITPOINT WARNING * * *
Okay, then.
Your foxfire dissipates!
The foxfire hits the jackal.
The jackal is moderately wounded.
The jackal attacks as it pursues you! The jackal misses you.
The jackal attacks as it pursues you! The jackal barely misses you.
The jackal bites you.
* * * LOW HITPOINT WARNING * * *
Magic courses through your body. The jackal bites you.
* * * LOW HITPOINT WARNING * * *
The jackal bites you.
* * * LOW HITPOINT WARNING * * *
The jackal barely misses you.
As you read the scroll labelled NUFEEX BYTOKH, it crumbles to dust.
You feel aware of your surroundings.
You sensed 1 altar, and 3 shops/portals.
It was a scroll of revelation.
A hobgoblin comes into view.
The jackal bites you.
You die...

,,>,,*,,,,**,,,,,,,,,,,,,,,,,*
,,,,,**,,.##....g.......,,,,,*
,,,,,***,.#.............,,,,,*
,,,,,*,**.#.............,,,,,*
,,,,,,,,*##.............,,,,,*
,,,,,*,**...#####.......,,,,,*
********,########.......,,,,,*
**** **,########.......,,,,,*
,,,* **,,####..h@.......,,,,,*
**,***,,*####..h######..******
,*,,,,,**###..#..######.*
,,,,,,#####..#.#..#####.*
,,*,*.......#...#....[..*
,,,,*..#####.....#####..*
*****...#...........#...*
*,,,.#h.#....<....#....*
**,***#..#.........#...,*


You could see 2 jackals and a hobgoblin (asleep).

Vanquished Creatures
  An endoplasm (D:1)
  A jackal (D:1)
2 creatures vanquished.

Vanquished Creatures (others)
  13 foxfires (D:1)
13 creatures vanquished.

Grand Total: 15 creatures vanquished

Notes
Turn   | Place    | Note
-------+----------+-------------------------------------------
     0 | D:1      | croobank the Demigod Fire Elementalist began the quest for
                  | the Orb.
     0 | D:1      | Reached XP level 1. HP: 14/14 MP: 5/5
    79 | D:1      | Reached skill level 1 in Conjurations
    82 | D:1      | Slain by a jackal

Illustrated notes

Levels and vault maps discovered:
D:1:      scummos_arrival_star, layout_basic, ebering_ecumenical_altar_mist,
          serial_shops, shop, nicolae_square_shop, nicolae_shop_trees,
          nrook_loot_triangle

Skill      XL: |  1 |
---------------+----+-----
Conjurations   | 1 |  1.0
Dodging        | |  1.8
Stealth        | |  1.8
Spellcasting   | |  1.8
Fire Magic     | |  2.7

Action                     || total
---------------------------++-------
  Melee: Unarmed           ||     5
   Cast: Foxfire           ||     8
    Use: Scroll            ||     1
         Potion            ||     1
 Armour: Robe              ||    11
  Dodge: Dodged            ||    13

Table legend: (Time is in decaauts)
 A = Elapsed time spent in this place.
 B = Non-inter-level travel time spent in this place.
 C = Inter-level travel time spent in this place.
 D = Time resting spent in this place.
 E = Time spent auto-exploring this place.
 F = Levels seen in this place.
 G = Mean time per level.
                   A        B        C        D        E       F      G
               +--------+--------+--------+--------+--------+-----+--------+
         Total |     82 |     82 |      0 |     42 |      2 |   1 |   82.0 |
       Dungeon |     82 |     82 |      0 |     42 |      2 |   1 |   82.0 |
               +--------+--------+--------+--------+--------+-----+--------+

Top non-repeatable levels by time:
     D:1: 82 daAuts
